 Dungeon Crawl Stone Soup version 0.31.0-11-ge490571c62 (webtiles) character file.

Game seed: 8580729374886342100

900 ces the Skirmisher (level 7, -3/33 HPs)
             Began as a Spriggan Hunter on Feb 1, 2024.
             Was an Initiate of Gozag.
             Succumbed to a hornet's poison
             ... while paralysed by a hornet
             ... on level 5 of the Dungeon.
             The game lasted 00:08:23 (3458 turns).

ces the Skirmisher (Spriggan Hunter)                Turns: 3458, Time: 00:08:23

Health: -3/33      AC:  2    Str:  9    XL:     7   Next: 79%
Magic:  8/8        EV:  4    Int: 10    God:    Gozag
Gold:   197        SH:  0    Dex: 26    Spells: 6/6 levels left

rFire   . . .        b - +10 dagger of Spores {pain, Str+2 Dex+5}
rCold   . . .        (no shield)
rNeg    + . .        c - +0 robe
rPois   .            (helmet restricted)
rElec   .            (no cloak)
rCorr   .            (gloves unavailable)
SInv    +            (boots unavailable)
Will    +....        (no amulet)
Stlth   ++++         l - ring of positive energy
HPRegen 0.25/turn    k - ring of flight
MPRegen 0.11/turn

%: no passive effects
@: paralysed, lethally poisoned (-3 -> -20), flying, slowed, very quick
A: very small, no large weapons, unfitting armour, see invisible, speed 3
a: Renounce Religion, Potion Petition, Call Merchant, Bribe Branch


You were on level 5 of the Dungeon.
You worshipped Gozag.
Gozag was aware of your devotion.
You visited 2 branches of the dungeon, and saw 6 of its levels.
You also visited: Sewer.

You collected 321 gold pieces.
You paid 124 gold pieces to Gozag.

Inventory:

Hand Weapons
 a - a +0 shortbow of flaming
 b - the +10 dagger of Spores (weapon) {pain, Str+2 Dex+5}
   (You found it on level 2 of the Dungeon)

   Str+2:     It affects your strength (+2).
   Dex+5:     It affects your dexterity (+5).
Missiles
 n - a throwing net
Armour
 c - a +0 robe (worn)
Jewellery
 k - a ring of flight (right hand)
 l - a ring of positive energy (left hand)
 s - an amulet of guardian spirit
 u - an amulet of the acrobat
 w - a ring of protection from fire
Wands
 q - a wand of polymorph (9)
Scrolls
 g - a scroll of fog {unknown}
 i - a scroll of brand weapon
 m - 2 scrolls of identify
 r - a scroll of butterflies
 t - a scroll of teleportation
 x - a scroll of noise {unknown}
Potions
 d - a potion of invisibility
 e - 3 potions of heal wounds {unknown}
 f - a potion of cancellation {unknown}
 h - a potion of brilliance {unknown}
 j - 2 potions of curing {unknown}
 o - a potion of magic {unknown}
 p - 2 potions of lignification {unknown}
 v - 2 potions of degeneration {unknown}
 z - 2 potions of berserk rage
 A - a potion of haste {unknown}
 B - 2 potions of enlightenment {unknown}


   Skills:
 - Level 1.5 Fighting
 - Level 2.3 Short Blades
 * Level 8.1 Ranged Weapons
 - Level 2.6 Dodging
 + Level 7.7 Stealth


You had 6 spell levels left.
You didn't know any spells.
Your spell library contained the following spells:

 Spells                   Type           Power      Damage    Failure   Level
 Necrotise                Necr           0%         1d4       36%         1
 Summon Small Mammal      Summ           0%         N/A       36%         1
 Call Imp                 Summ           0%         N/A       50%         2
 Sublimation of Blood     Necr           0%         N/A       50%         2
 Call Canine Familiar     Summ           0%         N/A       75%         3
 Inner Flame              Hex/Fire       0%         N/A       75%         3
 Vampiric Draining        Necr           0%         2d6       75%         3
 Flame Wave               Conj/Fire      0%         2d4       98%         4
 Martyr's Knell           Necr/Summ      0%         N/A       98%         4
 Sticky Flame             Fire/Alch      0%         2d4       98%         4
 Summon Blazeheart Golem  Fire/Summ      0%         N/A       98%         4
 Curse of Agony           Necr           0%         N/A       100%        5
 Summon Hydra             Summ           0%         N/A       100%        7


Dungeon Overview and Level Annotations

Branches:
Dungeon (5/15)             Temple (1/1) D:5           Sewer (visited)

Altars:
Cheibriados
Elyvilon
Gozag
Hepliaklqana
Kikubaaqudgha
Makhleb
Qazlal
Ru
Sif Muna
Uskayaw
The Shining One


Innate Abilities, Weirdness & Mutations

You are very small and have problems with some larger weapons.
You are too small for most types of armour.
You have supernaturally acute eyesight. (SInv)
You cover ground extremely quickly. (Speed+++)


Message History

Found a short sword.
You now have 197 gold pieces (gained 10).
You see here a +0 short sword.
j - 2 fizzy silvery potions (gained 1)
p - 2 glowing orange potions (gained 1)
A hornet comes into view.
Found 12 gold pieces.
You see here a sedimented silvery potion.
A hornet is nearby!
A hornet is nearby!
A hornet is nearby!
A hornet is nearby!
You shoot an arrow.
The arrow hits the hornet but does no damage.
The hornet buzzes angrily.
You shoot an arrow. The arrow hits the hornet.
The arrow burns the hornet.
The hornet is lightly wounded.
You shoot an arrow. The arrow hits the hornet!
The arrow burns the hornet.
The hornet is heavily wounded.
You shoot an arrow. The arrow closely misses the hornet.
You shoot an arrow. The arrow closely misses the hornet.
The hornet barely misses you.
Your +0 shortbow of flaming stops flaming.
You feel stronger.
You feel agile.
You have a feeling of ineptitude.
b - the +10 dagger of Spores (weapon)
{pain, Str+2 Dex+5} The hornet closely misses you.
You hit the hornet.
The hornet is heavily wounded.
The hornet stings you!
You suddenly lose the ability to move!
The hornet stings you!
You are poisoned.
You feel yourself slow down.
You feel very sick. The hornet stings you!
* * * LOW HITPOINT WARNING * * *
You are more poisoned.
You feel as though you will be slow longer.
You die...
Your body crumbles into a pile of gold.

# ##.# ##.....
#####.......
#####...@y......
####......###......
.#.#.#.#.### ....$
#.#.#.#.## ....
.#.#.#.#.# ...
#.#.#.#.## ..
.#.#.#.#.# #
#.#.#.#.##
#.#.#.#.#


You could see a hornet.

Vanquished Creatures
  Pargi (Sewer)
  A black bear (D:4)
  An ogre (D:4)
  A centaur (D:4)
  A brain worm (Sewer)
  A jelly (D:4)
  Natasha (D:2)
  5 iguanas
  3 orc wizards
  Ijyb (D:2)
  8 adders
  A shadow imp (D:5)
  An adder zombie (D:2)
  2 dart slugs
  A ribbon worm (D:4)
  11 orcs
  4 ball pythons
  5 endoplasms
  6 giant cockroaches
  8 goblins
  4 hobgoblins
  6 jackals (D:4)
  2 kobolds
  8 quokkas
  2 ball python skeletons (D:2)
  A ball python zombie (D:2)
  12 bats
  4 frilled lizards
  A jackal skeleton (D:2)
  A jackal zombie (D:2)
  2 rats (D:1)
106 creatures vanquished.

Notes
Turn   | Place    | Note
-------+----------+-------------------------------------------
     0 | D:1      | ces the Spriggan Hunter began the quest for the Orb.
     0 | D:1      | Reached XP level 1. HP: 10/10 MP: 2/2
   123 | D:1      | Reached XP level 2. HP: 14/14 MP: 3/3
   640 | D:2      | Reached skill level 5 in Ranged Weapons
   640 | D:2      | Reached XP level 3. HP: 14/18 MP: 4/4
  1395 | D:2      | Noticed Natasha
  1413 | D:3      | Noticed Ijyb
  1484 | D:2      | Killed Ijyb
  1485 | D:2      | Reached XP level 4. HP: 20/22 MP: 5/5
  1550 | D:2      | Killed Natasha
  1551 | D:2      | Reached skill level 6 in Ranged Weapons
  1554 | D:2      | Identified the +10 dagger of Spores {pain, Str+2 Dex+5}
  1804 | D:3      | You are sucked into a shaft and drop 1 floor!
  1821 | D:4      | Reached XP level 5. HP: 25/25 MP: 6/6
  1894 | D:4      | Reached skill level 1 in Short Blades
  1894 | D:4      | Noticed a centaur
  1908 | D:4      | Killed a centaur
  1946 | D:4      | Noticed a black bear
  2037 | D:4      | Killed a black bear
  2038 | D:4      | Reached skill level 5 in Stealth
  2038 | D:4      | Reached XP level 6. HP: 14/30 MP: 7/7
  2114 | D:4      | Found a sacrificial altar of Ru.
  2241 | D:4      | Reached skill level 7 in Ranged Weapons
  2284 | D:4      | Reached XP level 7. HP: 33/33 MP: 8/8
  2307 | D:4      | Found a glowing drain.
  2490 | Sewer    | Entered a sewer
  2570 | Sewer    | Noticed Pargi
  2577 | Sewer    | Killed Pargi
  2742 | D:4      | Found a shimmering blue altar of Sif Muna.
  2813 | D:5      | Entered Level 5 of the Dungeon
  2991 | D:5      | Found an ancient bone altar of Kikubaaqudgha.
  3008 | D:5      | Found an opulent altar of Gozag.
  3030 | D:5      | Reached skill level 8 in Ranged Weapons
  3113 | D:5      | Found a hazy altar of Hepliaklqana.
  3130 | D:5      | Became a worshipper of Gozag Ym Sagoz the Greedy
  3146 | D:5      | Found a staircase to the Ecumenical Temple.
  3165 | Temple   | Entered the Ecumenical Temple
  3449 | D:5      | Noticed a hornet
  3456 | D:5      | Paralysed by a hornet for 2 turns
  3457 | D:5      | HP: 1/33 [hornet (10)]
  3458 | D:5      | Succumbed to a hornet's poison

Illustrated notes

Levels and vault maps discovered:
D:1:      tarquinn_simple_flora_water_e, layout_loops_cross
D:2:      layout_basic, grunt_decor_junction, dilly_guarded_unrand_morg
D:3:      layout_rooms, mainiacjoe_overflow_tiny_flanked,
          gammafunk_temple_overflow_claw, uniq_ijyb
D:4:      layout_rooms, nicolae_ru_great_annihilating_truth,
          kennysheep_orc_sif_temple, gup_sewer_entry_spiral,
          minmay_misc_feat_room
D:5:      layout_cave_pods, lemuel_tele_altar, amcnicky_altar_gilded,
          kennysheep_mini, minmay_temple_entry_wispy, minivault_23,
          serial_bayou_pond_c
Temple:   nicolae_temple_superstar

Skill      XL: |  1  2  3  4  5  6  7 |
---------------+----------------------+-----
Ranged Weapons | 5 6 7 8 |  8.1
Stealth        | 3 5 6 7 |  7.7
Short Blades   | 2 |  2.3
Fighting       | |  1.5
Dodging        | |  2.6

Action                     |  1- 3 |  4- 6 |  7- 9 || total
---------------------------+-------+-------+-------++-------
  Melee: Unarmed           |    18 |       |       ||    18
         Dagger            |       |    56 |    38 ||    94
   Fire: Shortbow          |   105 |    54 |    13 ||   172
    Use: Scroll            |       |       |     3 ||     3
   Stab: Sleeping          |       |     5 |    13 ||    18
         Distracted        |       |       |     1 ||     1
 Armour: Robe              |    16 |    20 |     8 ||    44
         Skin              |     6 |       |       ||     6
  Dodge: Dodged            |    45 |    61 |    13 ||   119
